 Dungeon Crawl Stone Soup version 0.16-a0-4038-ge07a62f (webtiles) character file.

108 BluebellGnoll the Chopper (level 4, 39/39 HPs)
             Began as a Minotaur Abyssal Knight on Feb 19, 2015.
             Was a Priest of Lugonu.
             Quit the game on level 2 of the Dungeon.
             The game lasted 00:06:42 (1818 turns).

BluebellGnoll the Chopper (Minotaur Abyssal Knight) Turns: 1818, Time: 00:06:42

Health: 39/39      AC:  4    Str: 16    XL:     4   Next: 58%
Magic:  3/3        EV:  6    Int:  9    God:    Lugonu [***...]
Gold:   115        SH: 12    Dex:  9    Spells: 0 memorised, 3 levels left

rFire  . . .     SeeInvis .     r - -1 hunting sling (curse)
rCold  . . .     Clarity  .     b - +0 leather armour
rNeg   . . .     SustAb   .     f - +2 large shield
rPois  .         Gourm    .     (helmet restricted)
rElec  .         Spirit   .     j - +0 cloak
rCorr  .         Warding  .     (no gloves)
rMut   .         Stasis   .     (no boots)
MR     +....                    (no amulet)
Stlth  +.........               (no ring)
                                (no ring)

@: somewhat resistant to hostile enchantments, very unstealthy
A: retaliatory headbutt, horns 2, talons 1, magic resistance 1, weak 1
a: Depart the Abyss, Bend Space, Banish, Renounce Religion


You were on level 2 of the Dungeon.
You worshipped Lugonu.
Lugonu was most pleased with you.
You were not hungry.

You visited 1 branch of the dungeon, and saw 2 of its levels.
You visited the Abyss 1 time.

You collected 115 gold pieces.

Inventory:

Hand weapons
 a - a +1 hand axe
 o - a +0 war axe
 r - a cursed -1 hunting sling (weapon)
Missiles
 d - 51 stones (quivered)
 e - 9 sling bullets of frost
 g - 31 poisoned needles
 m - a throwing net
Armour
 b - a +0 leather armour (worn)
 f - a +2 large shield (worn)
 j - a +0 cloak (worn)
Jewellery
 k - an uncursed ring of ice
Scrolls
 h - 2 scrolls of teleportation
 i - 2 scrolls of identify
Potions
 q - a potion of heal wounds {unknown}
Comestibles
 c - 3 bread rations
 l - a slice of pizza
 n - a meat ration


   Skills:
 - Level 3.6 Fighting
 + Level 5.9 Axes
 - Level 2.4 Armour
 - Level 1.1 Dodging
 - Level 1.7 Invocations


You had 3 spell levels left.
You didn't know any spells.

Dungeon Overview and Level Annotations

Branches:
Dungeon (2/15)

Altars:


Innate Abilities, Weirdness & Mutations

You reflexively headbutt those who attack you in melee.
You have a pair of horns on your head.
You have sharp toenails.
You are resistant to hostile enchantments.
You are weak. (Str -2)


Message History

Really abort (and waste the scroll)? [Y]es or [N]o only, please.
Really abort (and waste the scroll)? [Y]es or [N]o only, please.
Really abort (and waste the scroll)? [Y]es or [N]o only, please.
Really abort (and waste the scroll)? [Y]es or [N]o only, please.
Really abort (and waste the scroll)? [Y]es or [N]o only, please.
Really abort (and waste the scroll)? [Y]es or [N]o only, please.
Really abort (and waste the scroll)? [Y]es or [N]o only, please.
Really abort (and waste the scroll)?
Uppercase [Y]es or [N]o only, please.
Really abort (and waste the scroll)?
Okay, then.
Your surroundings suddenly seem different.
Are you sure you want to abandon this character and quit the game? (Confirm with "yes".)

##.# ##.# #.# #.# #.# #.#
#.# #.# # #.# #.# ### #.#
#.# #### ..## #.# #.##
#).. #..###
###.#######..## #...
.#...####.......@.....##
#...
..........#.########...##
##.#
..##..#####..########...##
♣)♣ ..###..###........#
#....## ♣♣) ..#
##..##........# #.....# ♣)
..# ##(..........# #.....#
♣♣ ..# ####........#
#.....# ♣♣) ..# #........#
#####.# ♣♣.. .##
#........# #.# ♣...


There were no monsters in sight!

Vanquished Creatures
  Crazy Yiuf (D:2)
  3 adders (D:2)
  A worm (D:2)
  4 giant geckos
  An ooze (D:1)
  3 bats
  10 hobgoblins
  2 kobolds (D:1)
  A quokka (D:2)
  3 giant cockroaches (D:1)
  2 giant newts
  6 goblins
  5 rats
42 creatures vanquished.

Notes
Turn   | Place    | Note
--------------------------------------------------------------
     0 | Abyss:1  | BluebellGnoll, the Minotaur Abyssal Knight, began the quest for the Orb.
     0 | Abyss:1  | Reached XP level 1. HP: 19/19 MP: 1/1
    39 | Abyss:1  | Found a corrupted altar of Lugonu.
    41 | Abyss:1  | Found a corrupted altar of Lugonu.
    98 | Abyss:1  | Found a corrupted altar of Lugonu.
   102 | D:1      | Escaped the Abyss
   268 | D:1      | Reached XP level 2. HP: 26/26 MP: 1/1
   348 | D:1      | Acquired Lugonu's second power
   596 | D:1      | Reached skill level 4 in Axes
   829 | D:2      | Reached XP level 3. HP: 27/31 MP: 2/2
  1016 | D:2      | Reached skill level 5 in Axes
  1368 | D:2      | Reached XP level 4. HP: 17/39 MP: 3/3
  1565 | D:2      | Noticed Crazy Yiuf
  1579 | D:2      | Gained mutation: You have sharp toenails. [potion of mutation]
  1579 | D:2      | Gained mutation: You are resistant to hostile enchantments. [potion of mutation]
  1579 | D:2      | Gained mutation: You are weak. (Str -2) [potion of mutation]
  1580 | D:2      | Killed Crazy Yiuf
  1580 | D:2      | Acquired Lugonu's third power
  1818 | D:2      | Quit the game

Action                   |  1- 3 |  4- 6 || total
-------------------------+-------+-------++-------
Melee: Hand axe          |    88 |    14 ||   102
       War axe           |     6 |       ||     6
Throw: Stone             |       |     1 ||     1
  Use: Scroll            |       |     2 ||     2
       Potion            |       |     1 ||     1
  Eat: Chunk             |       |     3 ||     3
